 Dungeon Crawl Stone Soup version 0.21.1-1-g345015fe64 (webtiles) character file.

56 Kohma the Sneak (level 3, 0/18 HPs)
             Began as a Vine Stalker Assassin on July 9, 2018.
             Was a Believer of Uskayaw.
             Slain by a goblin
             ... wielding a +3 dagger
             ... led by Robin
              (4 damage)
             ... on level 2 of the Dungeon.
             The game lasted 00:03:37 (1107 turns).

Kohma the Sneak (Vine Stalker Assassin)             Turns: 1107, Time: 00:03:38

Health: 0/18       AC:  4    Str: 13    XL:     3   Next: 95%
Magic:  0/4        EV: 11    Int: 12    God:    Uskayaw [**....]
Gold:   72         SH:  0    Dex: 15    Spells: 2/2 levels left

rFire    . . .     SeeInvis .   a - +2 dagger
rCold    . . .     Gourm    .   (no shield)
rNeg     . . .     Faith    .   n - +0 leather armour
rPois    .         Spirit   +   (no helmet)
rElec    .         Reflect  .   d - +0 cloak
rCorr    .         Harm     .   (no gloves)
MR       .....                  (no boots)
Stlth    +++.......             (no amulet)
HPRegen  0.06/turn              (no ring)
MPRegen  0.09/turn              (no ring)

@: no status effects
A: fangs 2, magic shield, antimagic bite, no potion heal 3, rot immunity
a: Stomp, Line Pass, Renounce Religion


You were on level 2 of the Dungeon.
You worshipped Uskayaw.
Uskayaw was noncommittal.
You were not hungry.

You visited 1 branch of the dungeon, and saw 2 of its levels.

You collected 72 gold pieces.

Inventory:

Hand Weapons
 a - a +2 dagger (weapon)
 b - a +0 blowgun
Missiles
 e - 8 poisoned needles
 f - 2 curare-tipped needles {!f}
Armour
 d - a +0 cloak (worn)
 n - a +0 leather armour (worn)
Scrolls
 c - a scroll of teleportation {unknown}
 h - a scroll of immolation {unknown}
 i - 5 scrolls of identify {unknown}
 k - a scroll of noise {unknown}
Potions
 l - a potion of cancellation {unknown}
 m - a potion of agility {unknown}
 o - 2 potions of mutation {unknown}
Comestibles
 g - 2 rations
 j - 3 chunks of flesh


   Skills:
 + Level 2.1 Fighting
 * Level 2.6 Short Blades
 + Level 2.1 Throwing
 + Level 0.5 Armour
 + Level 1.2 Dodging
 + Level 5.1 Stealth


You had 2 spell levels left.
You didn't know any spells.

Dungeon Overview and Level Annotations

Branches:
Dungeon (2/15)

Altars:
Uskayaw

Annotations:
D:2 Jessica, Robin


Innate Abilities, Weirdness & Mutations

You have extremely sharp teeth.
When hurt, damage is shared between your health and your magic reserves.
Your bite disrupts and absorbs the magic of your enemies.
Potions cannot restore your health.
You are immune to rotting.


Message History

You kill the goblin!
The quokka misses you. Robin throws the goblin at you!
The quokka barely misses you.
Things that are here:
a dagger; a goblin corpse You hit the goblin.
You kill the goblin!
You can now pass through a line of other dancers.
The quokka misses you.
You hit the quokka but do no damage.
The quokka is heavily wounded.
The quokka bites you. Robin throws the goblin at you!
You hit the quokka.
You kill the quokka!
The goblin hits you with an enchanted dagger!
* * * LOW HITPOINT WARNING * * *
A goblin comes into view. It is wielding a club.
The goblin misses you.
The goblin hits you with an enchanted dagger.
You die...

..g.....## #########......
.........# ##...##.........
..$......# ##...............
......†..# #................
......g.g###### #..............).
......g.g@..@.###................
?.......#####g.###...............
%K.....## ##.g###...##...#.....
##.##### ##.@..#######....... ...
####.# ###..... ..
#............... .
##############.. #.. #.. #.. #..


You could see Robin, Jessica and a goblin.

Vanquished Creatures
  2 dart slugs (D:1)
  3 giant cockroaches
  9 goblins
  7 hobgoblins
  6 jackals (D:1)
  A quokka (D:2)
  8 bats
  3 frilled lizards
  2 kobolds (D:1)
  5 rats (D:1)
46 creatures vanquished.

Notes
Turn   | Place    | Note
-------+----------+-------------------------------------------
     0 | D:1      | Kohma the Vine Stalker Assassin began the quest for the Orb.
     0 | D:1      | Reached XP level 1. HP: 11/11 MP: 2/2
   118 | D:1      | Reached XP level 2. HP: 14/15 MP: 3/3
   198 | D:1      | Reached skill level 1 in Dodging
   552 | D:1      | Reached XP level 3. HP: 16/18 MP: 4/4
   558 | D:1      | Reached skill level 5 in Stealth
   777 | D:1      | Found a hide-covered altar of Uskayaw.
   785 | D:1      | Became a worshipper of Uskayaw the Reveler
   941 | D:1      | Reached * piety under Uskayaw
  1079 | D:2      | Noticed Jessica
  1088 | D:2      | Noticed Robin
  1101 | D:2      | Reached ** piety under Uskayaw
  1107 | D:2      | Slain by a goblin

Skill      XL: |  1  2  3 |
---------------+----------+-----
Short Blades   | 2 |  2.6
Dodging        | 1 |  1.2
Fighting       | 2 |  2.1
Throwing       | 2 |  2.1
Stealth        | 5 |  5.1
Armour         | |  0.5

Action                   || total
-------------------------++-------
Melee: Dagger            ||   102
       Bite              ||    19
 Fire: Blowgun           ||     5
 Stab: Sleeping          ||     4
       Distracted        ||     1
  Eat: Chunk             ||     1
Armor: Robe              ||    23
       Leather armour    ||    18
Dodge: Dodged            ||    92
